 Dungeon Crawl Stone Soup version bcrawl-1.38.1 (webtiles) character file.

Game seed: 18401770014762689628

269738 pheathergobbo575 the Spear-Bearer (level 9, -11/70 HPs)
             Began as a Minotaur Fighter on Apr 6, 2023.
             Was a Priest of Okawaru.
             Mangled by a troll (12 damage)
             ... on level 7 of the Dungeon.
             The game lasted 00:09:54 (6894 turns).

pheathergobbo575 the Spear-Bearer (MiFi)            Turns: 6894, Time: 00:09:54

Health: -11/70     AC:  6    Str: 23    XL:     9   Next: 45%
Magic:  8/8        EV:  9    Int:  5    God:    Okawaru [***...]
Gold:   686        SH:  0    Dex: 11    Spells: 8/8 levels left

rFire    . . .     GDR:     26% s - +0 halberd
rCold    . . .     SeeInvis +   (shield currently unavailable)
rNeg     . . .     Gourm    .   b - +0 scale mail
rPois    .         Faith    .   (helmet restricted)
rElec    .         Spirit   .   (no cloak)
rCorr    +         Reflect  .   (no gloves)
MR       .....                  (no boots)
Stlth    ..........             h - amulet of magic regeneration
HPRegen  0.21/turn              l - ring of resist corrosion
MPRegen  0.31/turn              v - ring of see invisible

@: no status effects
A: retaliatory headbutt, horns 2
a: Heroism, Renounce Religion


You were on level 7 of the Dungeon.
You worshipped Okawaru.
Okawaru was most pleased with you.
You were hungry.

You visited 2 branches of the dungeon, and saw 8 of its levels.

You collected 686 gold pieces.

Inventory:

Hand Weapons
 s - a +0 halberd (weapon)
 z - a +0 trident
Armour
 b - a +0 scale mail (worn)
 o - a +0 pair of gloves
Jewellery
 a - an uncursed ring of poison resistance {unknown}
 h - an amulet of magic regeneration (around neck)
 l - a ring of resist corrosion (left hand)
 v - a ring of see invisible (right hand)
Wands
 e - a wand of paralysis (6)
 t - a wand of flame (20)
 w - a wand of disintegration (12)
Scrolls
 f - a scroll of remove curse
 g - 2 scrolls of enchant armour {unknown}
 i - 9 scrolls of identify
 n - 3 scrolls of magic mapping {unknown}
 r - 2 scrolls of enchant weapon {unknown}
 u - 2 scrolls of teleportation {unknown}
Potions
 c - a potion of mutation {unknown}
 d - a potion of might
 j - 2 potions of lignification
 k - 3 potions of agility {unknown}
 m - 2 potions of heal wounds {unknown}
 q - 3 potions of brilliance {unknown}
 x - a potion of haste {unknown}
Comestibles
 p - 10 rations {!d}


   Skills:
 - Level 3.6 Fighting
 + Level 14.9 Polearms
 - Level 3.6 Armour
   Level 3.6 Shields


You had 8 spell levels left.
You didn't know any spells.
Your spell library contained the following spells:

 Spells                   Type           Power        Failure   Level  Hunger
 Magic Dart               Conj           #...         78%         1    None
 Blink                    Tloc           N/A          89%         2    ####...
 Call Imp                 Summ           #.....       89%         2    ####...
 Conjure Flame            Conj/Fire      #.......     98%         3    #####..
 Mephitic Cloud           Conj/Pois/Air  #.......     98%         3    #####..
 Spider Form              Tmut/Pois      #..          98%         3    #####..


Dungeon Overview and Level Annotations

Branches:
Dungeon (7/12)             Temple (1/1) D:4
   Lair: D:7-9

Altars:
Ashenzari
Cheibriados
Dithmenos
Elyvilon
Fedhas
Gozag
Hepliaklqana
Kikubaaqudgha
Makhleb
Nemelex Xobeh
Okawaru
Qazlal
Ru
Sif Muna
Trog
Uskayaw
Vehumet
Wu Jian
Xom
Yredelemnul
Zin
The Shining One

Shops:
D:4 (   D:5 [


Innate Abilities, Weirdness & Mutations

You reflexively headbutt those who attack you in melee.
You have a pair of horns on your head.


Message History

The troll bites you. The troll barely misses you. The troll claws you.
You hit the troll but do no damage. Your headbutt misses the troll.
The troll is severely wounded.
The troll closely misses you. The troll claws you!
The troll claws you but does no damage.
You are feeling hungry.
You barely miss the troll.
The troll is severely wounded.
You barely miss the troll. Your headbutt misses the troll.
The troll is severely wounded.
The troll closely misses you. You furiously retaliate!
You headbutt the troll. The troll claws you. The troll claws you!
You closely miss the troll. Your headbutt misses the troll.
The troll is severely wounded.
The troll bites you!
* * * LOW HITPOINT WARNING * * *
The troll claws you!
* * * LOW HITPOINT WARNING * * *
The troll claws you!
You die...

#.# #.# #####.#####
))..#.....#
###.#.....# ####
###.#.....## ...#
.)..#......# ...#
#####......######...#
...........'....@>..#
#######....###[##T%.#
#....# #.# .###
#....# #.# .#
############ #.# .#
...(.# #.# .# ....[##
#.# .. ###...# #.# ..
#.#.## #..


You could see a troll.

Vanquished Creatures
  Grinder (D:5)
  A hippogriff (D:6)
  A hungry ghost (D:6)
  Duvessa (D:4)
  2 sky beasts
  2 phantoms
  3 ogres (D:5)
  2 bullfrogs
  A kobold brigand (D:7)
  3 centaurs
  A wyvern skeleton (D:4)
  Dowan (D:3)
  3 scorpions
  The ghost of pecorinoman the Firebug, a weakling DjFE (D:3)
  3 howler monkeys
  A crimson imp (D:5)
  3 hounds
  2 bullfrog skeletons (D:7)
  3 jellies
  An orc wizard (D:5)
  3 iguanas
  4 worker ants
  A hound zombie (D:6)
  A hound skeleton (D:5)
  Robin (D:4)
  11 gnolls
  7 adders
  3 shadow imps
  An ooze (D:4)
  An adder zombie (D:5)
  5 worms
  4 dart slugs (D:3)
  2 leopard geckos
  10 orcs
  7 bats
  2 giant cockroaches
  10 goblins
  8 hobgoblins
  5 quokkas
  4 frilled lizards
  9 kobolds
  3 rats (D:1)
138 creatures vanquished.

Vanquished Creatures (others)
  A plant (D:4)
1 creature vanquished.

Grand Total: 139 creatures vanquished

Notes
Turn   | Place    | Note
-------+----------+-------------------------------------------
     0 | D:1      | pheathergobbo575 the Minotaur Fighter began the quest for
                  | the Orb.
     0 | D:1      | Reached XP level 1. HP: 19/19 MP: 0/0
    73 | D:1      | Reached skill level 3 in Polearms
   150 | D:1      | Reached XP level 2. HP: 26/26 MP: 1/1
   745 | D:1      | Reached skill level 4 in Polearms
   746 | D:1      | Reached XP level 3. HP: 19/31 MP: 2/2
   955 | D:2      | Found a hazy altar of Hepliaklqana.
   956 | D:2      | Found a shadowy altar of Dithmenos.
   957 | D:2      | Noticed a shadow
  1881 | D:3      | Reached skill level 5 in Polearms
  2047 | D:3      | Found a runed translucent door.
  2048 | D:3      | Noticed pecorinoman's ghost (weakling DjFE)
  2071 | D:3      | Killed pecorinoman's ghost
  2072 | D:3      | Reached XP level 4. HP: 33/39 MP: 3/3
  2116 | D:3      | Found a bloodstained altar of Trog.
  2405 | D:3      | Found a sparkling altar of Nemelex Xobeh.
  2467 | D:3      | Reached skill level 6 in Polearms
  2985 | D:4      | Noticed a sky beast
  3000 | D:4      | Killed a sky beast
  3001 | D:4      | Reached skill level 7 in Polearms
  3001 | D:4      | Reached XP level 5. HP: 12/45 MP: 4/4
  3172 | D:4      | Found a shimmering altar of Xom.
  3305 | D:4      | Found an ornate altar of the Wu Jian Council.
  3380 | D:4      | Reached XP level 6. HP: 40/51 MP: 5/5
  3439 | D:4      | Noticed Duvessa
  3456 | D:4      | Noticed Dowan
  3457 | D:4      | Noticed Robin
  3481 | D:3      | Killed Dowan
  3482 | D:3      | Reached skill level 8 in Polearms
  3738 | D:4      | Killed Duvessa
  3812 | D:4      | Killed Robin
  3848 | D:4      | Found a glowing golden altar of the Shining One.
  3874 | D:4      | Reached skill level 9 in Polearms
  3874 | D:4      | Reached XP level 7. HP: 57/57 MP: 6/6
  3981 | D:4      | Found Xatojynton's Antique Weapon Boutique.
  4203 | D:4      | Found a staircase to the Ecumenical Temple.
  4226 | Temple   | Entered the Ecumenical Temple
  4392 | Temple   | Became a worshipper of Warmaster Okawaru
  4471 | D:5      | Entered Level 5 of the Dungeon
  4482 | D:5      | Reached skill level 10 in Polearms
  4592 | D:5      | Reached skill level 11 in Polearms
  4628 | D:5      | Noticed Grinder
  4633 | D:5      | Reached * piety under Okawaru
  4634 | D:5      | Reached XP level 8. HP: 50/64 MP: 7/7
  4647 | D:5      | Paralysed by Grinder for 3 turns
  4658 | D:5      | Killed Grinder
  4722 | D:5      | Reached skill level 12 in Polearms
  4738 | D:5      | Found a white marble altar of Elyvilon.
  4758 | D:5      | Found Opealy's Armour Boutique.
  5042 | D:5      | Reached ** piety under Okawaru
  5341 | D:6      | Found a blossoming altar of Fedhas.
  5529 | D:6      | Reached skill level 13 in Polearms
  5570 | D:6      | Noticed a hippogriff
  5596 | D:6      | Killed a hippogriff
  5597 | D:6      | Reached XP level 9. HP: 24/70 MP: 8/8
  5922 | D:6      | Got a fading long sword
  6020 | D:6      | Found a shattered altar of Ashenzari.
  6184 | D:6      | Identified the cursed +1 long sword of Tenacity {freeze,
                  | rC+} (You found it on level 6 of the Dungeon)
  6196 | D:6      | Reached skill level 14 in Polearms
  6339 | D:6      | Found a white marble altar of Elyvilon.
  6689 | D:7      | Reached *** piety under Okawaru
  6886 | D:7      | Noticed a troll
  6894 | D:7      | HP: 1/70 [troll (11)]
  6894 | D:7      | Mangled by a troll

Skill      XL: |  1  2  3  4  5  6  7  8  9 |
---------------+----------------------------+-----
Polearms       | 3 4 5 7 9 11 13 14 | 14.9
Fighting       | |  3.6
Armour         | |  3.6
Shields        | |  3.6

Action                   |  1- 3 |  4- 6 |  7- 9 || total
-------------------------+-------+-------+-------++-------
Melee: Trident           |   115 |    94 |    90 ||   299
       Headbutt          |    18 |    16 |    40 ||    74
       Halberd           |       |       |   140 ||   140
       Long sword        |       |       |     6 ||     6
  Use: Potion            |       |       |     1 ||     1
       Scroll            |       |       |     1 ||     1
  Eat: Chunk             |     7 |     8 |    12 ||    27
       Ration            |       |       |     1 ||     1
Armor: Scale mail        |    38 |    35 |    53 ||   126
       Skin              |       |       |    16 ||    16
Dodge: Dodged            |    41 |    29 |    82 ||   152
Block: Medium shield     |    19 |       |       ||    19
